 Dungeon Crawl Stone Soup version 0.27.0-1-g7a089689b8 (console) character file.

Game seed: 16423902115018866475

102 om the Skirmisher (level 4, -1/41 HPs)
             Began as a Minotaur Fighter on Aug 13, 2021.
             Killed from afar by Sigmund (3 damage)
             ... with a puff of flame
             ... on level 2 of the Dungeon.
             The game lasted 00:03:06 (2012 turns).

om the Skirmisher (Minotaur Fighter)                Turns: 2012, Time: 00:03:07

Health: -1/41      AC:  9    Str: 22    XL:     4   Next: 49%
Magic:  3/3        EV:  5    Int:  5    God:
Gold:   52         SH: 14    Dex:  9    Spells: 3/3 levels left

rFire    . . .     SeeInvis .   a - +0 war axe
rCold    . . .     Faith    .   c - +0 kite shield
rNeg     . . .     Spirit   .   n - +0 chain mail
rPois    .         Reflect  +   (helmet restricted)
rElec    .         Harm     .   (no cloak)
rCorr    .         Rampage  .   (no gloves)
Will     .....                  (no boots)
Stlth    ..........             p - amulet of reflection
HPRegen  0.13/turn              (no ring)
MPRegen  0.08/turn              (no ring)

@: mighty
A: horns 2, retaliatory headbutt
a: no special abilities


You were on level 2 of the Dungeon.
You visited 1 branch of the dungeon, and saw 2 of its levels.

You collected 52 gold pieces.

Inventory:

Hand Weapons
 a - a +0 war axe (weapon)
Armour
 b - a +0 scale mail
 c - a +0 kite shield (worn)
 n - a +0 chain mail (worn)
Jewellery
 p - an amulet of reflection (around neck)
 r - an amulet of the acrobat
Scrolls
 e - a scroll of teleportation
 f - a scroll of enchant weapon {unknown}
 g - 4 scrolls of amnesia
 h - a scroll of torment {unknown}
 i - a scroll of fog {unknown}
 k - a scroll of enchant armour {unknown}
 l - a scroll of vulnerability {unknown}
 q - a scroll of identify {unknown}
Potions
 j - a potion of brilliance {unknown}
 m - a potion of haste {unknown}
 o - a potion of lignification {unknown}


   Skills:
 * Level 4.8 Fighting
 * Level 3.8 Axes
 + Level 4.2 Armour
 + Level 4.2 Shields


You had 3 spell levels left.
You didn't know any spells.
Your spell library contained the following spells:

 Spells                   Type           Power      Damage    Failure   Level
 Dazzling Flash           Conj/Hex       0%         N/A       100%        3
 Agony                    Necr           0%         N/A       100%        5
 Silence                  Hex/Air        0%         N/A       100%        5


Dungeon Overview and Level Annotations

Branches:
Dungeon (2/15)

Altars:

Annotations:
D:2 Sigmund


Innate Abilities, Weirdness & Mutations

You have a pair of horns on your head.
You reflexively headbutt those who attack you in melee.


Message History

Sigmund flickers and vanishes!
Deactivating autopickup; reactivate with Ctrl-A.
An adder comes into view.
You bump into the rock wall.
The adder hisses angrily.
You feel less confused.
You slash the quokka!
You kill the quokka!
Your shield prevents you from hitting the adder.
Your headbutt misses the adder.
The adder bites you but does no damage. x2
You miss the adder. Your headbutt misses the adder.
The adder barely misses you. The adder bites you but does no damage.
You closely miss the adder. The adder bites you but does no damage.
Something hits you. You block the adder's attack.
Something hits you but does no damage.
You feel very mighty all of a sudden. You block the adder's attack.
Something hits you.
You miss the adder. Your headbutt misses the adder.
You block the adder's attack. Something hits you.
The adder bites you but does no damage.
You miss the adder. You block the adder's attack.
Something hits you but does no damage. The adder bites you.
You block something's attack.
You barely miss the adder. You block the adder's attack. Something hits you.
The adder bites you but does no damage.
You closely miss the adder. The adder bites you. Something hits you.
The adder bites you.
You are poisoned.
The adder poisons you! Something hits you but does no damage.
You slash the adder!
You kill the adder!
You feel sick. Something hits you but does no damage.
You feel sick. Something hits you!
* * * LOW HITPOINT WARNING * * *
You see here a quokka corpse.
You miss something.
You feel sick.
You are no longer poisoned.
You hear some strange, mumbled words.
A magic dart appears from out of thin air!
The magic dart hits you!
* * * LOW HITPOINT WARNING * * *
You hear some strange, mumbled words.
A puff of flame appears from out of thin air!
The puff of flame hits you.
You die...

## .# .# ####.# .(.#.#
##...# .....# .....##
......#########
..............########
................@....+
....#.######..###{####
....#.# #..###..[.+
......# #.......###
......## #.........#
.......# #..####.#.#
.......# #..# .#...
.......# #..# .# #.#
##.....### #..# .# ##
###......# #..# .# #
#......# #..# ..


There were no monsters in sight!

Vanquished Creatures
  Terence (D:2)
  3 adders (D:2)
  A dart slug (D:1)
  4 ball pythons (D:1)
  8 endoplasms
  2 giant cockroaches
  3 goblins
  2 hobgoblins (D:2)
  2 jackals (D:1)
  3 kobolds
  6 quokkas
  3 bats
  A frilled lizard (D:1)
  4 rats (D:1)
43 creatures vanquished.

Notes
Turn   | Place    | Note
-------+----------+-------------------------------------------
     0 | D:1      | om the Minotaur Fighter began the quest for the Orb.
     0 | D:1      | Reached XP level 1. HP: 19/19 MP: 0/0
   366 | D:1      | Reached XP level 2. HP: 22/27 MP: 1/1
   743 | D:1      | Found a faded altar of an unknown god.
  1072 | D:1      | Reached XP level 3. HP: 33/33 MP: 2/2
  1333 | D:2      | Noticed Terence
  1344 | D:2      | Killed Terence
  1517 | D:2      | Reached XP level 4. HP: 22/41 MP: 3/3
  1992 | D:2      | Noticed Sigmund
  2012 | D:2      | HP: 2/41 [something/magic dart (10)]
  2012 | D:2      | Killed from afar by Sigmund

Illustrated notes

Levels and vault maps discovered:
D:1:      sevenhm_arrival_forest_fort_small_4, layout_basic,
          ebering_ecumenical_altar_ruins, minmay_small_reverse_x
D:2:      layout_basic, uniq_terence, uniq_sigmund

Skill      XL: |  1  2  3 |
---------------+----------+-----
Fighting       | 4 |  4.8
Axes           | 3 |  3.8
Armour         | 4 |  4.2
Shields        | 4 |  4.2

Action                   |  1- 3 |  4- 6 || total
-------------------------+-------+-------++-------
Melee: War axe           |    97 |    34 ||   131
       Headbutt          |    11 |     1 ||    12
  Use: Scroll            |     2 |       ||     2
       Potion            |       |     1 ||     1
Armor: Scale mail        |    36 |       ||    36
       Chain mail        |    13 |    22 ||    35
Dodge: Dodged            |    23 |     3 ||    26
Block: Kite shield       |    66 |    24 ||    90
